 Dungeon Crawl Stone Soup version 0.22.0-60-ga52c2fc (webtiles) character file.

1162 marrkus the Shield-Bearer (level 8, -10/67 HPs)
             Began as a Gnoll Fighter on Sept 9, 2018.
             Mangled by an orc warrior
             ... wielding a +0 trident
              (20 damage)
             ... on level 5 of the Dungeon.
             The game lasted 00:20:34 (4721 turns).

marrkus the Shield-Bearer (Gnoll Fighter)           Turns: 4721, Time: 00:20:35

Health: -10/67     AC:  9    Str: 22    XL:     8   Next: 39%
Magic:  12/12      EV: 10    Int: 10    God:
Gold:   223        SH: 12    Dex: 14    Spells: 13/13 levels left

rFire    . . .     SeeInvis .   a - +0 flail
rCold    . . .     Gourm    .   c - +1 shield
rNeg     . . .     Faith    .   s - +0 scale mail
rPois    .         Spirit   .   e - +0 helmet
rElec    .         Reflect  .   (no cloak)
rCorr    .         Harm     .   (no gloves)
MR       .....                  (no boots)
Stlth    ..........             (no amulet)
HPRegen  0.21/turn              o - ring of attention (curse)
MPRegen  0.13/turn              (no ring)

@: hasted, very quick
A: distributed training, fangs 1, strong nose
a: no special abilities


You were on level 5 of the Dungeon.
You were not hungry.

You visited 1 branch of the dungeon, and saw 6 of its levels.
You also visited: Sewer.

You collected 223 gold pieces.

Inventory:

Hand Weapons
 a - a +0 flail (weapon)
 b - a +0 hunting sling of freezing
 i - a +0 dagger
 p - a +0 morningstar
 K - a +3 whip
Missiles
 g - 114 stones (quivered)
 l - 6 needles of confusion
 n - 55 bolts
 r - 59 sling bullets
 t - 5 tomahawks of returning
 w - 13 poisoned needles
 D - 3 poisoned javelins
 G - 40 arrows
Armour
 c - a +1 shield (worn)
 e - a +0 helmet (worn)
 s - a +0 scale mail (worn)
Jewellery
 o - a cursed ring of attention (left hand)
 y - a +2 amulet of reflection {unknown}
 B - an uncursed ring of wizardry {unknown}
 J - an uncursed ring of see invisible {unknown}
Wands
 I - a wand of random effects (45)
Scrolls
 q - 6 scrolls of identify
 u - a scroll of fear {unknown}
 x - a scroll of blinking {unknown}
 z - 4 scrolls of teleportation {unknown}
 H - a scroll of enchant armour
Potions
 d - 2 potions of might
 h - 3 potions of curing {unknown}
 k - 2 potions of agility {unknown}
 m - a potion of flight {unknown}
 v - a potion of heal wounds {unknown}
 A - a potion of degeneration {unknown}
 C - 2 potions of resistance {unknown}
 E - 2 potions of mutation {unknown}
Comestibles
 f - 9 rations


   Skills:
 + Level 7.3 Fighting
 + Level 3.1 Short Blades
 + Level 3.1 Long Blades
 + Level 3.1 Axes
 + Level 5.6 Maces & Flails
 + Level 3.1 Polearms
 + Level 3.1 Staves
 + Level 3.1 Slings
 + Level 3.1 Bows
 + Level 3.1 Crossbows
 + Level 3.1 Throwing
 + Level 7.3 Armour
 + Level 3.1 Dodging
 + Level 3.1 Stealth
 + Level 7.3 Shields
 + Level 3.1 Unarmed Combat
 + Level 3.1 Spellcasting
 + Level 2.5 Conjurations
 + Level 2.5 Hexes
 + Level 2.5 Charms
 + Level 2.5 Summonings
 + Level 2.5 Necromancy
 + Level 2.5 Translocations
 + Level 2.5 Transmutations
 + Level 2.5 Fire Magic
 + Level 2.5 Ice Magic
 + Level 2.5 Air Magic
 + Level 2.5 Earth Magic
 + Level 2.5 Poison Magic
 + Level 3.5 Invocations
 + Level 3.1 Evocations


You had 13 spell levels left.
You didn't know any spells.
Your spell library contained the following spells:

 Spells                   Type           Power        Failure   Level  Hunger
 Pain                     Necr           #...         52%         1    #......


Dungeon Overview and Level Annotations

Branches:
Dungeon (6/15)
 Temple: D:4-7

Altars:
Kikubaaqudgha
Sif Muna
Vehumet
Xom

Shops:
D:5 !


Innate Abilities, Weirdness & Mutations

Your experience applies equally to all skills.
You have very sharp teeth.
Your uncanny sense of smell can sniff out nearby items.


Message History

You hit the orc warrior but do no damage.
The orc warrior hits you with a trident!
You barely miss the orc warrior. The orc warrior closely misses you.
You hit the orc warrior but do no damage.
The orc warrior barely misses you.
You hit the orc warrior.
You bite the orc warrior, but do no damage.
The orc warrior is moderately wounded.
You block the orc warrior's attack.
You closely miss the orc warrior.
The orc warrior is moderately wounded.
The orc warrior hits you with a trident!
You hit the orc warrior.
You bite the orc warrior, but do no damage.
The orc warrior is moderately wounded.
The orc warrior hits you with a trident!
* * * LOW HITPOINT WARNING * * *
You feel yourself speed up. You block the orc warrior's attack.
The orc warrior hits you from afar with a trident!!
You die...

#∩.# ##.......
#..# #........
#..# #........
##8.# #.......#
####...# #.##....#
#......# #.###.##.
#.########.###.##.
#.# #........##.
#@# #.##.######.
#># #.##.# #. #o#
#.##.######. #.#
#...#....... #.#
####.######. #.#
#........ #.#
######### #.# #.#


You could see an orc warrior.

Vanquished Creatures
  A water moccasin (D:5)
  A phantom (D:4)
  A sky beast (D:5)
  An ogre (D:4)
  A centaur (D:6)
  2 big kobolds (Sewer)
  A crimson imp (D:5)
  2 hounds
  2 orc priests (D:5)
  2 orc wizards
  2 iguanas
  A worker ant (D:5)
  Robin (D:3)
  6 gnolls
  7 adders
  A howler monkey skeleton (D:4)
  2 river rats (Sewer)
  An ooze (D:1)
  A worm (D:3)
  A dart slug (D:1)
  17 orcs
  2 giant cockroaches
  18 goblins
  6 hobgoblins
  10 jackals
  A quokka (D:5)
  7 bats
  4 frilled lizards
  A giant cockroach zombie (D:5)
  7 kobolds
  A quokka skeleton (D:4)
  6 rats (Sewer)
117 creatures vanquished.

Vanquished Creatures (others)
  An orc wizard (D:6)
  A bush (D:3)
  3 plants (D:3)
5 creatures vanquished.

Grand Total: 122 creatures vanquished

Notes
Turn   | Place    | Note
-------+----------+-------------------------------------------
     0 | D:1      | marrkus the Gnoll Fighter began the quest for the Orb.
     0 | D:1      | Reached XP level 1. HP: 23/23 MP: 1/1
   137 | D:1      | Reached XP level 2. HP: 27/29 MP: 2/2
   394 | D:1      | Reached XP level 3. HP: 35/35 MP: 3/3
   797 | D:2      | Found a faded altar of an unknown god.
   818 | D:2      | Reached skill level 1 in Invocations
   837 | D:2      | Found a shimmering altar of Xom.
  1022 | D:2      | Found an ancient bone altar of Kikubaaqudgha.
  1034 | D:2      | Found a deep blue altar of Sif Muna.
  1035 | D:2      | Found a radiant altar of Vehumet.
  1037 | D:2      | Identified Kikubaaqudgha's Almanac of Evil Arts
  1303 | D:3      | Reached skill level 1 in Short Blades
  1303 | D:3      | Reached skill level 1 in Long Blades
  1303 | D:3      | Reached skill level 1 in Axes
  1303 | D:3      | Reached skill level 1 in Polearms
  1303 | D:3      | Reached skill level 1 in Staves
  1303 | D:3      | Reached skill level 1 in Slings
  1303 | D:3      | Reached skill level 1 in Bows
  1303 | D:3      | Reached skill level 1 in Crossbows
  1303 | D:3      | Reached skill level 1 in Throwing
  1303 | D:3      | Reached skill level 1 in Dodging
  1303 | D:3      | Reached skill level 1 in Stealth
  1303 | D:3      | Reached skill level 1 in Unarmed Combat
  1303 | D:3      | Reached skill level 1 in Spellcasting
  1303 | D:3      | Reached skill level 1 in Evocations
  1323 | D:3      | Found a glowing drain.
  1328 | D:3      | Reached XP level 4. HP: 36/41 MP: 5/5
  1353 | Sewer    | Entered a sewer
  1555 | Sewer    | Noticed a big kobold
  1555 | Sewer    | Noticed a big kobold
  1564 | Sewer    | Killed a big kobold
  1564 | Sewer    | Reached skill level 1 in Conjurations
  1564 | Sewer    | Reached skill level 1 in Hexes
  1564 | Sewer    | Reached skill level 1 in Charms
  1564 | Sewer    | Reached skill level 1 in Summonings
  1564 | Sewer    | Reached skill level 1 in Necromancy
  1564 | Sewer    | Reached skill level 1 in Translocations
  1564 | Sewer    | Reached skill level 1 in Transmutations
  1564 | Sewer    | Reached skill level 1 in Fire Magic
  1564 | Sewer    | Reached skill level 1 in Ice Magic
  1564 | Sewer    | Reached skill level 1 in Air Magic
  1564 | Sewer    | Reached skill level 1 in Earth Magic
  1564 | Sewer    | Reached skill level 1 in Poison Magic
  1564 | Sewer    | Reached XP level 5. HP: 36/47 MP: 5/7
  1567 | Sewer    | Killed a big kobold
  1798 | D:3      | Reached XP level 6. HP: 50/53 MP: 8/8
  1925 | D:3      | Noticed Robin
  1952 | D:3      | Killed Robin
  2107 | D:3      | Reached skill level 5 in Maces & Flails
  2664 | D:4      | Noticed a phantom
  2691 | D:4      | Killed a phantom
  2691 | D:4      | Reached XP level 7. HP: 50/59 MP: 10/10
  3602 | D:5      | Entered Level 5 of the Dungeon
  3797 | D:5      | Reached XP level 8. HP: 41/67 MP: 12/12
  3948 | D:5      | Found Lituply's Distillery.
  4721 | D:5      | Mangled by an orc warrior

Skill      XL: |  1  2  3  4  5  6  7  8 |
---------------+-------------------------+-----
Invocations    | 1 2 3 |  3.5
Short Blades   | 1 2 3 |  3.1
Long Blades    | 1 2 3 |  3.1
Axes           | 1 2 3 |  3.1
Polearms       | 1 2 3 |  3.1
Staves         | 1 2 3 |  3.1
Slings         | 1 2 3 |  3.1
Bows           | 1 2 3 |  3.1
Crossbows      | 1 2 3 |  3.1
Throwing       | 1 2 3 |  3.1
Dodging        | 1 2 3 |  3.1
Stealth        | 1 2 3 |  3.1
Unarmed Combat | 1 2 3 |  3.1
Spellcasting   | 1 2 3 |  3.1
Evocations     | 1 2 3 |  3.1
Conjurations   | 1 2 |  2.5
Hexes          | 1 2 |  2.5
Charms         | 1 2 |  2.5
Summonings     | 1 2 |  2.5
Necromancy     | 1 2 |  2.5
Translocations | 1 2 |  2.5
Transmutations | 1 2 |  2.5
Fire Magic     | 1 2 |  2.5
Ice Magic      | 1 2 |  2.5
Air Magic      | 1 2 |  2.5
Earth Magic    | 1 2 |  2.5
Poison Magic   | 1 2 |  2.5
Maces & Flails | 5 |  5.6
Fighting       | 7 |  7.3
Armour         | 7 |  7.3
Shields        | 7 |  7.3

Action                   |  1- 3 |  4- 6 |  7- 9 || total
-------------------------+-------+-------+-------++-------
Melee: Flail             |    94 |   157 |   107 ||   358
       Bite              |     8 |    26 |    17 ||    51
       Whip              |       |       |    28 ||    28
 Fire: Hunting sling     |       |    35 |    24 ||    59
Throw: Stone             |       |     5 |       ||     5
       Javelin           |       |       |     2 ||     2
       Throwing net      |       |       |     1 ||     1
  Use: Scroll            |     4 |       |       ||     4
       Potion            |       |       |     1 ||     1
  Eat: Chunk             |     1 |     5 |     7 ||    13
Armor: Scale mail        |    40 |    56 |    35 ||   131
Dodge: Dodged            |    28 |    48 |    51 ||   127
Block: Shield            |    62 |   121 |    90 ||   273
